 Dungeon Sprint DCSS version 0.27-a0-1219-g958d993ae5 (webtiles) character file.

Game seed: 15962623756457977928

35254 mhtbhm the Sorcerer (level 13, -3/58 HPs)
             Began as a Spriggan Earth Elementalist on June 6, 2021.
             Was the Champion of Vehumet.
             Killed from afar by a will-o-the-wisp (31 damage)
             ... with a foxfire
             ... in the Dungeon (Sprint IX: "|||||||||||||||||||||||||||||").
             The game lasted 00:15:16 (8892 turns).

mhtbhm the Sorcerer (Spriggan Earth Elementalist)   Turns: 8892, Time: 00:15:16

Health: -3/58      AC:  4    Str:  6    XL:     13   Next: 46%
Magic:  16/44      EV: 22    Int: 25    God:    Vehumet [******]
Gold:   511        SH:  0    Dex: 16    Spells: 26/64 levels left

rFire    . . .     SeeInvis +   a - +2 rapier (protect)
rCold    . . .     Faith    .   (shield restricted)
rNeg     . . .     Spirit   .   c - +0 robe {Will+}
rPois    +         Reflect  .   v - +0 hat
rElec    .         Harm     .   u - +1 cloak of the Great Game {Str+2 Int+4}
rCorr    .         Rampage  .   (gloves unavailable)
Will     +++..     NoTele   +   (boots unavailable)
Stlth    ++++......             (no amulet)
HPRegen  0.19/turn              D - ring of poison resistance
MPRegen  0.29/turn              n - +2 ring of evasion

@: very quick
A: very small, no large weapons, unfitting armour, see invisible, speed 3
a: Renounce Religion


You were in the Dungeon.
You worshipped Vehumet.
Vehumet was exalted by your worship.
You visited 1 branch You collected 1942 gold pieces.
You spent 1431 gold pieces at shops.

Inventory:

Hand Weapons
 a - a +2 rapier of protection (weapon)
Missiles
 b - 33 stones
 m - a throwing net (quivered)
 t - 5 boomerangs of dispersal
Armour
 c - a +0 robe of willpower (worn)
 u - the +1 cloak of the Great Game (worn) {Str+2 Int+4}
   (You bought it in a shop in the Dungeon)

   It affects your strength (+2).
   It affects your intelligence (+4).
 v - a +0 hat (worn)
 E - the +2 ratskin cloak {*Rats rPois rN+ Str-1 Int-1 Dex+1}
   (You found it in the Dungeon)

   It affects your strength (-1).
   It affects your intelligence (-1).
   It affects your dexterity (+1).
   It protects you from poison.
   It protects you from negative energy.
Jewellery
 n - a +2 ring of evasion (right hand)
 y - a ring of protection from cold
 C - a ring of willpower
 D - a ring of poison resistance (left hand)
Wands
 l - a wand of iceblast (1)
 r - a wand of mindburst (7)
Scrolls
 i - 6 scrolls of blinking
 k - 3 scrolls of amnesia
 o - 2 scrolls of identify
 p - 2 scrolls of enchant armour
 q - 6 scrolls of enchant weapon
Potions
 d - 11 potions of curing
 e - 8 potions of heal wounds
 f - 2 potions of haste
 g - 3 potions of magic
 h - 2 potions of berserk rage
 j - 2 potions of invisibility
 s - 2 potions of resistance
 w - a potion of brilliance
 x - 2 potions of might
 z - a potion of attraction
 A - 3 potions of cancellation
 F - 2 potions of mutation


   Skills:
 + Level 1.7 Fighting
 + Level 6.6 Dodging
 + Level 7.4 Stealth
 + Level 26.0 Spellcasting
 + Level 4.7 Conjurations
 + Level 9.1 Transmutations
 * Level 5.6 Fire Magic
 + Level 1.0 Ice Magic
 + Level 20.1 Earth Magic
 + Level 5.7 Evocations


You had 26 spell levels left.
You knew the following spells:

 Your Spells              Type           Power      Damage    Failure   Level
a - Sandblast             Erth           100%       2d20      0%          1
b - Passwall              Tmut/Erth      67%        N/A       0%          2
c - Stone Arrow           Conj/Erth      100%       3d13      0%          3
d - Lee's Rapid Deconstr  Erth           46%        3d23*     0%          5
e - Petrify               Tmut/Erth      81%        N/A       1%          4
f - Frozen Ramparts       Ice            74%        1d9       1%          3
g - Bolt of Magma         Conj/Fire/Erth 35%        4d15      1%          5
h - Iron Shot             Conj/Erth      38%        9d8       1%          6
i - Fire Storm            Conj/Fire      27%        8d7       100%        9

Your spell library contained the following spells:

 Spells                   Type           Power      Damage    Failure   Level
 Chain Lightning          Conj/Air       22%        N/A       99%         8
 Absolute Zero            Ice            18%        ∞         100%        9


Dungeon Overview and Level Annotations

Branches:
Dungeon (1/1)

Altars:
Cheibriados
Dithmenos
Elyvilon
Fedhas
Gozag
Hepliaklqana
Kikubaaqudgha
Makhleb
Nemelex Xobeh
Okawaru
Qazlal
Ru
Sif Muna
Trog
Uskayaw
Vehumet
Wu Jian
Xom
Yredelemnul
Zin
The Shining One
Beogh
Jiyva
Lugonu

Shops:
D [![[


Innate Abilities, Weirdness & Mutations

You are very small and have problems with some larger weapons.
You are too small for most types of armour.
You have supernaturally acute eyesight. (SInv)
You cover ground extremely quickly. (Speed+++)


Message History

The blast of putrescent gases engulfs the five-headed hydra!!
You are engulfed in spectral mist.
A will-o-the-wisp comes into view.
The five-headed hydra is engulfed in spectral mist.
Unknown command.
Unknown command.
Unknown command.
Casting: Iron Shot (dangerous; 1% risk of failure)
Confirm with . or Enter, or press ? or * to list all spells.
Aiming: Petrify (safe; 1% risk of failure)
Press: ? - help, Shift-Dir - straight line, f - five-headed hydra
Aim: a five-headed hydra (severely wounded, strong, chance to affect: 51%)
Okay, then.
An alligator comes into view.
Casting: Petrify (safe; 1% risk of failure)
Confirm with . or Enter, or press ? or * to list all spells.
Aiming: Iron Shot (dangerous; 1% risk of failure)
Press: ? - help, Shift-Dir - straight line, f - five-headed hydra
Aim: a five-headed hydra (spectral mist, heavily wounded, strong, 92% to hit)
The iron shot hits the five-headed hydra!!
The five-headed hydra is almost dead.
The will-o-the-wisp gestures.
The will-o-the-wisp conjures some foxfire!
A foxfire comes into view.
Unknown command.
Casting: Iron Shot (dangerous; 1% risk of failure)
Confirm with . or Enter, or press ? or * to list all spells.
Aiming: Iron Shot (dangerous; 1% risk of failure)
Press: ? - help, Shift-Dir - straight line, f/p - five-headed hydra
Aim: a five-headed hydra (almost dead, strong, 92% to hit)
The iron shot hits the five-headed hydra!!!
You kill the five-headed hydra!
Vehumet accepts your kill.
You feel your power returning.
The will-o-the-wisp gestures.
The will-o-the-wisp conjures some foxfire!
The foxfire is engulfed in spectral mist.
The foxfire hits you!!
Ouch! That really hurt!
You die...

)▓.▓'▓.▓)▓.▓=▓.♣.♣
_▓.▓.▓.▓)▓.▓.▓.♣t♣
_▓.▓.▓.▓.▓.▓.▓.♣v♣
_▓.▓.▓.▓.▓.▓.▓)♣v♣
_▓.▓.▓.▓.▓.▓.▓.♣§♣
_▓.▓.▓.▓.▓.▓.▓.♣§♣
_▓.▓.▓.▓.▓.▓.▓.♣§♣
_▓.▓.▓.▓.▓.▓.▓.▓v▓
_▓.▓.▓.▓.▓.▓.▓.▓@▓
_▓.▓.▓.▓.▓.▓.▓.▓.▓
_▓.▓'▓.▓)▓.▓[▓.▓.▓
_▓.▓.▓.▓.▓.▓[▓.▓.▓
_▓.▓.▓.▓.▓.▓(▓.▓.▓
_▓.▓.▓.▓)▓.▓[▓.▓)▓
_▓.▓.▓.▓)▓.▓[▓.▓)▓
_▓.▓.▓.▓)▓.▓[▓.▓)▓
_▓.▓.▓.▓.▓.▓[▓.▓'▓


You could see an alligator (strong) and a will-o-the-wisp.

Vanquished Creatures
  A tengu reaver (D)
  A frost giant (D)
  A stone giant (D)
  2 very ugly things (D)
  Azrael (D)
  A merfolk javelineer (D)
  Josephine (D)
  3 hydras (D)
  A boulder beetle (D)
  A ghost crab (D)
  An ogre mage (D)
  A two-headed ogre (D)
  A merfolk aquamancer (D)
  7 orc high priests (D)
  A goliath frog (D)
  A flayed ghost (D)
  2 spriggan druids (D)
  A deep elf pyromancer (D)
  2 orb spiders (D)
  A wolf spider (D)
  2 orc knights (D)
  An ugly thing (D)
  A salamander (shapeshifter) (D)
  A water nymph (D)
  A black mamba (D)
  Maurice (D)
  10 cane toads (D)
  2 komodo dragons (D)
  An unseen horror (D)
  A rime drake (D)
  A yaktaur (D)
  3 merfolk (D)
  2 trolls (D)
  2 tyrant leeches (D)
  A queen bee (shapeshifter) (D)
  4 jumping spiders (D)
  A polar bear (D)
  A bloated husk (D)
  3 blink frogs (D)
  2 slime creatures (D)
  2 snapping turtles (D)
  A vampire (D)
  A water elemental (D)
  2 redbacks (D)
  4 wraiths (D)
  A yak (D)
  2 fire elementals (D)
  3 hell hounds (D)
  13 orc warriors (D)
  A centaur (D)
  A wolf (D)
  4 bullfrogs (D)
  A scorpion (D)
  2 gnoll sergeants (D)
  A killer bee (D)
  A howler monkey (D)
  7 orc priests (D)
  A gnoll shaman (D)
  6 orc wizards (D)
  An adder (D)
  An adder zombie (D)
  3 orcs (D)
  A bat zombie (D)
  A quokka (D)
  A ball python (D)
  2 bats (D)
  A kobold (D)
137 creatures vanquished.

Vanquished Creatures (others)
  An alligator (D)
1 creature vanquished.

Grand Total: 138 creatures vanquished

Notes
Turn   | Place    | Note
-------+----------+-------------------------------------------
     0 | D        | mhtbhm the Spriggan Earth Elementalist began the quest for
                  | the Orb.
     0 | D        | Reached XP level 1. HP: 9/9 MP: 5/5
   365 | D        | Noticed a scorpion
   365 | D        | Noticed a gnoll shaman
   369 | D        | Reached skill level 3 in Spellcasting
   369 | D        | Reached XP level 2. HP: 13/13 MP: 2/7
   385 | D        | Reached skill level 4 in Spellcasting
   385 | D        | Reached skill level 5 in Earth Magic
   385 | D        | Reached XP level 3. HP: 16/16 MP: 6/10
   390 | D        | Killed a scorpion
   391 | D        | Reached skill level 6 in Spellcasting
   391 | D        | Reached XP level 4. HP: 16/21 MP: 1/13
   605 | D        | Found a snail-covered altar of Cheibriados.
   605 | D        | Found a shadowy altar of Dithmenos.
   605 | D        | Found a white marble altar of Elyvilon.
   605 | D        | Found a blossoming altar of Fedhas.
   605 | D        | Found an opulent altar of Gozag.
   606 | D        | Found a hazy altar of Hepliaklqana.
   607 | D        | Found a viscous altar of Jiyva.
   608 | D        | Found an ancient bone altar of Kikubaaqudgha.
   609 | D        | Found a corrupted altar of Lugonu.
   610 | D        | Found a burning altar of Makhleb.
   611 | D        | Found a sparkling altar of Nemelex Xobeh.
   612 | D        | Found an iron altar of Okawaru.
   613 | D        | Found a stormy altar of Qazlal.
   614 | D        | Found a sacrificial altar of Ru.
   615 | D        | Found a shimmering blue altar of Sif Muna.
   616 | D        | Found a bloodstained altar of Trog.
   617 | D        | Found a hide-covered altar of Uskayaw.
   618 | D        | Found a radiant altar of Vehumet.
   619 | D        | Found an ornate altar of the Wu Jian Council.
   620 | D        | Found a shimmering altar of Xom.
   621 | D        | Found a basalt altar of Yredelemnul.
   622 | D        | Found a glowing silver altar of Zin.
   623 | D        | Found a glowing golden altar of the Shining One.
   628 | D        | Became a worshipper of Vehumet
   655 | D        | Noticed a centaur
   655 | D        | Noticed a troll
   655 | D        | Noticed a gnoll sergeant
   655 | D        | Noticed a vampire
   660 | D        | Learned a level 2 spell: Passwall
   664 | D        | Learned a level 3 spell: Stone Arrow
   698 | D        | Killed a vampire
   699 | D        | Reached skill level 5 in Dodging
   699 | D        | Reached skill level 5 in Stealth
   699 | D        | Reached skill level 9 in Spellcasting
   699 | D        | Reached skill level 1 in Evocations
   699 | D        | Reached XP level 5. HP: 24/24 MP: 6/18
   699 | D        | Reached XP level 6. HP: 28/28 MP: 6/19
   701 | D        | Reached skill level 10 in Spellcasting
   703 | D        | Reached * piety under Vehumet
   703 | D        | Offered knowledge of Shock by Vehumet.
   769 | D        | Killed a troll
   770 | D        | Reached skill level 12 in Spellcasting
   770 | D        | Reached XP level 7. HP: 16/32 MP: 6/23
   821 | D        | Learned a level 5 spell: Lee's Rapid Deconstruction
   825 | D        | Reached skill level 10 in Earth Magic
   994 | D        | Learned a level 4 spell: Petrify
  1013 | D        | Reached ** piety under Vehumet
  1013 | D        | Offered knowledge of Searing Ray by Vehumet.
  1014 | D        | Reached skill level 1 in Conjurations
  1126 | D        | Noticed a troll
  1126 | D        | Noticed a boulder beetle
  1126 | D        | Noticed an unseen horror
  1126 | D        | Noticed a two-headed ogre
  1126 | D        | Noticed a four-headed hydra
  1139 | D        | Killed a four-headed hydra
  1140 | D        | Reached skill level 1 in Fighting
  1140 | D        | Reached skill level 14 in Spellcasting
  1140 | D        | Reached XP level 8. HP: 19/37 MP: 5/27
  1153 | D        | Killed a two-headed ogre
  1154 | D        | Reached skill level 15 in Spellcasting
  1154 | D        | Reached skill level 5 in Evocations
  1154 | D        | Reached XP level 9. HP: 22/41 MP: 23/29
  1159 | D        | Killed an unseen horror
  1159 | D        | Reached *** piety under Vehumet
  1160 | D        | Reached skill level 16 in Spellcasting
  1378 | D        | Killed a boulder beetle
  1378 | D        | Offered knowledge of Frozen Ramparts by Vehumet.
  1403 | D        | Killed a troll
  1404 | D        | Reached skill level 17 in Spellcasting
  1881 | D        | Learned a level 3 spell: Frozen Ramparts
  1881 | D        | Noticed a polar bear
  1881 | D        | Noticed a cane toad
  1881 | D        | Noticed a cane toad
  1881 | D        | Noticed a cane toad
  1881 | D        | Noticed a black mamba
  1885 | D        | Killed a black mamba
  1885 | D        | Offered knowledge of Dazzling Flash by Vehumet.
  1886 | D        | Reached **** piety under Vehumet
  1886 | D        | Killed a cane toad
  1886 | D        | Noticed a cane toad
  1887 | D        | Reached XP level 10. HP: 46/46 MP: 19/32
  1890 | D        | Killed a cane toad
  1892 | D        | Reached ***** piety under Vehumet
  1893 | D        | Reached skill level 18 in Spellcasting
  2100 | D        | Killed a cane toad
  2100 | D        | Offered knowledge of Olgreb's Toxic Radiance by Vehumet.
  2101 | D        | Reached skill level 1 in Ice Magic
  2293 | D        | Killed a cane toad
  2293 | D        | Offered knowledge of Lightning Bolt by Vehumet.
  2529 | D        | Noticed a cane toad
  2534 | D        | Reached skill level 19 in Spellcasting
  2534 | D        | Noticed a cane toad
  2539 | D        | Killed a cane toad
  2540 | D        | Offered knowledge of Bolt of Magma by Vehumet.
  2540 | D        | Killed a cane toad
  2541 | D        | Reached skill level 15 in Earth Magic
  2906 | D        | Noticed a cane toad
  2906 | D        | Noticed a cane toad
  2919 | D        | Killed a cane toad
  2933 | D        | Killed a cane toad
  2934 | D        | Reached skill level 20 in Spellcasting
  2934 | D        | Reached XP level 11. HP: 49/49 MP: 7/36
  2948 | D        | Learned a level 5 spell: Bolt of Magma
  3301 | D        | Offered knowledge of Yara's Violent Unravelling by Vehumet.
  3871 | D        | Noticed Maurice
  3876 | D        | Killed Maurice
  3877 | D        | Reached skill level 5 in Transmutations
  4013 | D        | Noticed Josephine
  4019 | D        | Killed Josephine
  4023 | D        | Reached ****** piety under Vehumet
  4023 | D        | Offered knowledge of Spellforged Servitor by Vehumet.
  4244 | D        | Reached skill level 21 in Spellcasting
  4478 | D        | Noticed an orc knight
  4482 | D        | Killed an orc knight
  4763 | D        | Offered knowledge of Iron Shot by Vehumet.
  4939 | D        | Learned a level 6 spell: Iron Shot
  4952 | D        | Offered knowledge of Ozocubu's Refrigeration by Vehumet.
  4958 | D        | Noticed an orc knight
  5079 | D        | Killed an orc knight
  5345 | D        | Found Xeafoih's Armour Boutique.
  5345 | D        | Noticed an orc high priest
  5345 | D        | Noticed an orc high priest
  5348 | D        | Offered knowledge of Lehudib's Crystal Spear by Vehumet.
  5353 | D        | Noticed a sixfirhy
  5356 | D        | Noticed a sixfirhy
  5646 | D        | Killed an orc high priest
  5686 | D        | Killed an orc high priest
  5687 | D        | Reached skill level 22 in Spellcasting
  5800 | D        | Noticed an orc high priest
  5804 | D        | Killed an orc high priest
  5880 | D        | Noticed an orc high priest
  5887 | D        | Killed an orc high priest
  5941 | D        | Noticed an orc high priest
  6123 | D        | Killed an orc high priest
  6123 | D        | Offered knowledge of Fire Storm by Vehumet.
  6123 | D        | Offered knowledge of Chain Lightning by Vehumet.
  6123 | D        | Offered knowledge of Absolute Zero by Vehumet.
  6124 | D        | Reached XP level 12. HP: 49/53 MP: 12/39
  6372 | D        | Found Ywuecsant's Antique Armour Shop.
  6375 | D        | Found Mon Hity's Distillery.
  6379 | D        | Found Nuluteod's Antique Armour Shop.
  6392 | D        | Noticed an orc high priest
  6395 | D        | Noticed an orc high priest
  6399 | D        | Killed an orc high priest
  6400 | D        | Killed an orc high priest
  6401 | D        | Reached skill level 1 in Fire Magic
  6464 | D        | Bought the +1 cloak of the Great Game {Str+2 Int+4} for 407
                  | gold pieces
  6466 | D        | Bought a hat for 88 gold pieces
  6468 | D        | Bought a potion of haste for 130 gold pieces
  6468 | D        | Bought a potion of heal wounds for 65 gold pieces
  6468 | D        | Bought a potion of curing for 39 gold pieces
  6468 | D        | Bought a potion of curing for 39 gold pieces
  6468 | D        | Bought a potion of brilliance for 52 gold pieces
  6468 | D        | Bought a potion of heal wounds for 65 gold pieces
  6468 | D        | Bought a potion of invisibility for 104 gold pieces
  6468 | D        | Bought a potion of might for 52 gold pieces
  6468 | D        | Bought a potion of curing for 39 gold pieces
  6468 | D        | Bought a potion of attraction for 39 gold pieces
  6468 | D        | Bought 3 potions of cancellation for 312 gold pieces
  6597 | D        | Found the +2 ratskin cloak {*Rats rPois rN+ Str-1 Int-1
                  | Dex+1}
  6648 | D        | Noticed an ogre mage
  6648 | D        | Noticed an eight-headed hydra
  6654 | D        | Reached skill level 23 in Spellcasting
  6655 | D        | Killed an eight-headed hydra
  6656 | D        | Killed an ogre mage
  7063 | D        | Noticed a frost giant
  7065 | D        | Noticed a purple very ugly thing
  7066 | D        | Noticed a stone giant
  7069 | D        | Killed a frost giant
  7296 | D        | Noticed a tengu reaver
  7298 | D        | Noticed a red very ugly thing
  7300 | D        | Killed a purple very ugly thing
  7301 | D        | Reached skill level 24 in Spellcasting
  7301 | D        | Killed a stone giant
  7463 | D        | Killed a tengu reaver
  7809 | D        | Killed a red very ugly thing
  8036 | D        | Learned a level 9 spell: Fire Storm
  8103 | D        | Noticed Azrael
  8108 | D        | Reached XP level 13. HP: 57/57 MP: 16/42
  8111 | D        | Killed Azrael
  8112 | D        | Reached skill level 25 in Spellcasting
  8476 | D        | Noticed a merfolk javelineer
  8491 | D        | Killed a merfolk javelineer
  8502 | D        | Reached skill level 5 in Fire Magic
  8887 | D        | Reached skill level 26 in Spellcasting
  8892 | D        | Killed from afar by a will-o-the-wisp

Illustrated notes

Levels and vault maps discovered:
D:        linesprint [early_d, line_temple, items_1, d_10, items_2, lair_1,
          lair_end, items_3, orc_1, orc_end, items_4, d_15, swamp_1, shoals_1,
          snake_1, spider_1, d_20, vaults_1, items_5, swamp_end, shoals_end,
          snake_end, spider_end, vaults_end, d_27, items_6, zot_1, zot_end,
          crypt_end, forest_end, elf_end, slime_end, tomb_end, abyss_end,
          pan_hell_end]

Skill      XL: |  1  2  3  4  5  6  7  8  9 10 11 12 13 |
---------------+----------------------------------------+-----
Earth Magic    | 4 5 6 8 9 11 12 13 15 17 19 20 | 20.1
Dodging        | 3 4 5 6 |  6.6
Spellcasting   | 3 4 6 9 12 14 15 17 20 22 24 26 | 26.0
Stealth        | 4 5 6 7 |  7.4
Evocations     | 1 2 4 5 |  5.7
Conjurations   | 1 2 3 4 |  4.7
Fighting       | 1 |  1.7
Transmutations | 3 4 7 8 9 |  9.1
Ice Magic      | 1 |  1.0
Fire Magic     | 2 5 |  5.6

Action                   |  1- 3 |  4- 6 |  7- 9 | 10-12 | 13-15 || total
-------------------------+-------+-------+-------+-------+-------++-------
 Cast: Sandblast         |    21 |    11 |       |       |       ||    32
       Stone Arrow       |       |     4 |     2 |     5 |     3 ||    14
       Lee's Rapid Decon |       |       |    23 |   132 |    25 ||   180
       Petrify           |       |       |     3 |    49 |     4 ||    56
       Frozen Ramparts   |       |       |     1 |       |       ||     1
       Bolt of Magma     |       |       |       |    16 |     5 ||    21
       Iron Shot         |       |       |       |    13 |     3 ||    16
Evoke: Wand              |       |     6 |     1 |       |     2 ||     9
  Use: Potion            |     1 |       |     2 |     2 |       ||     5
       Scroll            |       |       |     1 |       |       ||     1
Armor: Robe              |     2 |       |       |     3 |       ||     5
Dodge: Dodged            |    11 |     3 |     8 |    31 |     5 ||    58

Table legend: (Time is in decaauts)
 A = Elapsed time spent in this place.
 B = Non-inter-level travel time spent in this place.
 C = Inter-level travel time spent in this place.
 D = Time resting spent in this place.
 E = Time spent auto-exploring this place.
 F = Levels seen in this place.
 G = Mean time per level.
                   A        B        C        D        E       F      G
               +--------+--------+--------+--------+--------+-----+--------+
         Total |   8132 |   8132 |      0 |   5834 |   1187 |   1 | 8132.0 |
       Dungeon |   8132 |   8132 |      0 |   5834 |   1187 |   1 | 8132.0 |
               +--------+--------+--------+--------+--------+-----+--------+

Top non-repeatable levels by time:
       D: 8132 daAuts
